 Dungeon Crawl Stone Soup version 0.29-a0-43-g62a80824bf (webtiles) character file.

Game seed: 1612192144239757394

86 soggyman666 the Chucker (level 4, 0/45 HPs)
             Began as an Ogre Hunter on Feb 2, 2022.
             Slain by an adder (1 damage)
             ... on level 2 of the Dungeon.
             The game lasted 00:04:29 (1550 turns).

soggyman666 the Chucker (Ogre Hunter)               Turns: 1550, Time: 00:04:29

Health: 0/45       AC:  3    Str: 18    XL:     4   Next: 50%
Magic:  4/4        EV: 10    Int: 12    God:
Gold:   55         SH:  0    Dex:  9    Spells: 3/3 levels left

rFire   . . .      SeeInvis .   d - +0 whip
rCold   . . .      Faith    .   (no shield)
rNeg    . . .      Spirit   .   b - +0 robe
rPois   .          Reflect  .   (helmet restricted)
rElec   .          Harm     .   (no cloak)
rCorr   .          Rampage  .   (gloves unavailable)
Will    .....                   (boots unavailable)
Stlth   +.........              (no amulet)
HPRegen 0.15/turn               (no ring)
MPRegen 0.09/turn               (no ring)

@: lethally poisoned (0 -> -8)
A: large, unfitting armour, tough skin 1
a: no special abilities


You were on level 2 of the Dungeon.
You visited 1 branch of the dungeon, and saw 2 of its levels.

You collected 55 gold pieces.

Inventory:

Hand Weapons
 d - a +0 whip (weapon)
Missiles
 c - a large rock (quivered)
 e - 3 poisoned darts
 j - 57 stones
Armour
 b - a +0 robe (worn)
 o - a +0 helmet
Scrolls
 i - a scroll of teleportation
 k - a scroll of fog {unknown}
 l - a scroll of identify
 m - 2 scrolls of summoning {unknown}
Potions
 n - a potion of haste {unknown}


   Skills:
 + Level 3.1 Fighting
 - Level 0.5 Axes
 + Level 5.4 Throwing
 + Level 2.0 Dodging
 + Level 0.9 Stealth


You had 3 spell levels left.
You didn't know any spells.
Your spell library contained the following spells:

 Spells                   Type           Power      Damage    Failure   Level
 Ozocubu's Armour         Ice            0%         N/A       69%         3
 Metabolic Englaciation   Hex/Ice        0%         N/A       100%        5
 Simulacrum               Ice/Necr       0%         N/A       100%        6


Dungeon Overview and Level Annotations

Branches:
Dungeon (2/15)

Altars:
The Shining One

Shops:
D:1 *


Innate Abilities, Weirdness & Mutations

You are too large for most types of armour.
You have tough skin. (AC +1)


Message History

The adder is almost dead.
You feel sick. The adder bites you.
You are more poisoned.
The adder poisons you! The adder bites you.
You are more poisoned.
The adder poisons you!
You barely miss the adder.
The adder is almost dead.
You feel very sick. The adder bites you but does no damage.
The adder barely misses you.
The goblin shoots a stone.
The stone hits you. The adder bites you.
You are more poisoned.
The adder poisons you! The adder bites you.
You are lethally poisoned!
The adder poisons you!
You barely miss the adder.
The adder is almost dead.
You feel very sick. The adder bites you but does no damage.
The adder barely misses you.
The goblin shoots a stone.
The stone barely misses you.
You hit the adder.
You kill the adder!
* * * LOW HITPOINT WARNING * * *
You feel very sick. The adder barely misses you.
The goblin shoots a stone.
The stone closely misses you.
You hit the adder.
The adder is heavily wounded.
* * * LOW HITPOINT WARNING * * *
You feel very sick. The adder closely misses you.
The rat completely misses you.
The goblin shoots a stone.
The stone hits you.
* * * LOW HITPOINT WARNING * * *
The adder closely misses you. The rat barely misses you.
You closely miss the adder.
The adder is heavily wounded.
* * * LOW HITPOINT WARNING * * *
You feel very sick.
The goblin shoots a stone.
The stone closely misses you. The adder bites you.
You die... #########....###.... ###### ##### ##### #...# #...# #. #...######### #. #(..........# #. #...#######'##### #. #..@# #.......# #. #gSr#

#.......# #.
......#
#.......# #.
##.#...#
###)#######.
....(..#
#.#.......
.##(#..##
#.#......#
[#...
#.'......#
##(#..
###......#
#.......


You could see an adder, a goblin and a rat.

Vanquished Creatures
  5 adders (D:2)
  A worm (D:2)
  A dart slug (D:2)
  3 bats
  4 endoplasms
  2 giant cockroaches
  4 goblins (D:2)
  2 hobgoblins (D:1)
  3 jackals (D:2)
  2 kobolds
  2 quokkas (D:2)
  4 ball pythons
  A frilled lizard (D:1)
  3 rats
37 creatures vanquished.

Notes
Turn   | Place    | Note
-------+----------+-------------------------------------------
     0 | D:1      | soggyman666 the Ogre Hunter began the quest for the Orb.
     0 | D:1      | Reached XP level 1. HP: 22/22 MP: 1/1
    85 | D:1      | Found Waycaca's Assorted Antiques.
   186 | D:1      | Reached XP level 2. HP: 29/29 MP: 2/2
   866 | D:2      | Reached XP level 3. HP: 30/36 MP: 3/3
  1076 | D:2      | Reached skill level 5 in Throwing
  1169 | D:2      | Reached XP level 4. HP: 45/45 MP: 4/4
  1175 | D:2      | Found a glowing golden altar of the Shining One.
  1550 | D:2      | HP: 1/45 [poisoned by an adder]
  1550 | D:2      | Slain by an adder

Illustrated notes

Levels and vault maps discovered:
D:1:      nzn_arrival_water_spiral, layout_rooms, serial_shops, shop
D:2:      layout_basic, basic_altar, minmay_small_reverse_x

Skill      XL: |  1  2  3  4 |
---------------+-------------+-----
Fighting       | 3 |  3.1
Throwing       | 5 |  5.4
Dodging        | 2 |  2.0
Axes           | |  0.5
Stealth        | |  0.9

Action                   |  1- 3 |  4- 6 || total
-------------------------+-------+-------++-------
Melee: Short sword       |    10 |       ||    10
       Hand axe          |    21 |    11 ||    32
       Whip              |       |    10 ||    10
Throw: Large rock        |    36 |    15 ||    51
       Throwing net      |     1 |     1 ||     2
  Use: Scroll            |     1 |       ||     1
       Potion            |       |     2 ||     2
Armor: Robe              |     8 |     7 ||    15
Dodge: Dodged            |    21 |    33 ||    54

Table legend: (Time is in decaauts)
 A = Elapsed time spent in this place.
 B = Non-inter-level travel time spent in this place.
 C = Inter-level travel time spent in this place.
 D = Time resting spent in this place.
 E = Time spent auto-exploring this place.
 F = Levels seen in this place.
 G = Mean time per level.
                   A        B        C        D        E       F      G
               +--------+--------+--------+--------+--------+-----+--------+
         Total |   1598 |   1596 |      2 |      0 |   1332 |   2 |  799.0 |
       Dungeon |   1598 |   1596 |      2 |      0 |   1332 |   2 |  799.0 |
               +--------+--------+--------+--------+--------+-----+--------+

Top non-repeatable levels by time:
     D:2: 982 daAuts
     D:1: 615 daAuts
